 Dungeon Crawl Stone Soup version 0.30.0-3-ga4e48a9924 (webtiles) character file.

Game seed: 13576719084110829696

181 Mickster the Chopper (level 5, -7/69 HPs)
             Began as a Hill Orc Berserker on May 7, 2023.
             Was a Believer of Trog.
             Mangled by an ogre
             ... wielding a +0 giant spiked club
              (25 damage)
             ... on level 4 of the Dungeon.
             The game lasted 00:22:52 (2614 turns).

Mickster the Chopper (Hill Orc Berserker)           Turns: 2614, Time: 00:22:53

Health: -7/69      AC:  6    Str: 20    XL:     5   Next: 61%
Magic:  5/5        EV: 10    Int:  7    God:    Trog [**....]
Gold:   215        SH:  0    Dex:  7    Spells: 4/4 levels left

rFire   . . .        a - +0 hand axe
rCold   . . .        (no shield)
rNeg    . . .        b - +0 scale mail
rPois   .            (no helmet)
rElec   .            (no cloak)
rCorr   .            (no gloves)
SInv    +            (no boots)
Will    ++...        g - amulet of the King {+Blink Regen+ Str-2 Dex-3 SInv} Stlth
                     (no ring)
HPRegen 2.11/turn    (no ring)
MPRegen 0.09/turn

%: no passive effects
@: berserking, strong-willed (expiring), regenerating (expiring), hasted, very
quick
A: no striking features
a: Renounce Religion, Evoke Blink, Berserk, Trog's Hand


You were on level 4 of the Dungeon.
You worshipped Trog.
Trog was pleased with you.
You visited 1 branch of the dungeon, and saw 4 of its levels.

You collected 215 gold pieces.

Inventory:

Hand Weapons
 a - a +0 hand axe (weapon)
 c - a +0 dagger of venom
 m - a +1 dagger of speed
 n - a +0 sling
Missiles
 d - 8 stones
 j - 6 boomerangs (quivered)
 o - 4 javelins
Armour
 b - a +0 scale mail (worn)
Jewellery
 g - the amulet of the King (around neck) {+Blink Regen+ Str-2 Dex-3 SInv}
   (You found it on level 4 of the Dungeon)

   [amulet of regeneration]

   Str:       It affects your strength (-2).
   Dex:       It affects your dexterity (-3).
   SInv:      It lets you see invisible.
   +Blink:    It lets you blink.
   Regen:     It increases your rate of health regeneration.
 i - an amulet of regeneration
Scrolls
 e - 2 scrolls of fog
 k - a scroll of summoning {unknown}
Potions
 f - a potion of cancellation


   Skills:
 + Level 4.1 Fighting
 * Level 6.9 Axes
 * Level 0.6 Throwing
 + Level 2.5 Armour
 + Level 2.2 Dodging


You had 4 spell levels left.
You didn't know any spells.
Your spell library was empty.

Dungeon Overview and Level Annotations

Branches:
Dungeon (4/15)
 Temple: D:4-7

Altars:
Ru


Message History

The scorpion is moderately wounded.
You hit the ball python.
The scorpion stings you but does no damage.
The ball python bites you. The ball python constricts you.
You barely miss the scorpion.
The scorpion is moderately wounded.
You closely miss the ball python.
The scorpion stings you but does no damage.
You hit the scorpion.
The scorpion is moderately wounded.
You hit the ball python. You hit the ogre. The ball python closely misses you.
The ball python constricts you. The scorpion stings you.
You are poisoned.
The scorpion poisons you!
You closely miss the scorpion.
The scorpion is moderately wounded.
You hit the ball python.
You kill the ball python!
Trog accepts your kill.
You barely miss the ogre.
You feel sick.
The ogre hits you with a +0 giant spiked club!!
You barely miss the scorpion.
The scorpion is moderately wounded.
You hit the ogre.
You feel the effects of Trog's Hand fading.
You feel sick. The scorpion barely misses you.
You hit the scorpion but do no damage.
The scorpion is moderately wounded.
You hit the ogre.
You feel sick. The scorpion closely misses you.
The ogre hits you with a +0 giant spiked club!!
* * * LOW HITPOINT WARNING * * *
You barely miss the scorpion.
The scorpion is moderately wounded.
You hit the ogre.
You feel sick.
You feel better.
The scorpion stings you but does no damage.
A red film seems to cover your vision as you go berserk!
You feel yourself moving faster!
You feel mighty! The scorpion misses you.
The ogre hits you with a +0 giant spiked club!!
You die...

.. .........### .. .#
........#.. #.# .......... .
#.# .#.. #......### ... #.#
#...##..........#.# #.# ..
#..#......###...# ##..
.#.####...s.#......# #>..
.....#...JO@.......## #...
#..................# #...
#..................#####...
#.##.<.....................
###.##.......................
#....................#######.
#.....#.............###### #.
#.....#......#...........# ##
#.......#########.######.#


You could see an ogre, a scorpion and a jelly.

Vanquished Creatures
  6 adders
  4 gnolls (D:4)
  2 river rats (D:3)
  A dart slug (D:1)
  3 orcs
  2 bats (D:1)
  3 endoplasms
  2 giant cockroaches
  10 goblins
  7 hobgoblins
  2 jackals (D:2)
  3 quokkas
  9 ball pythons
  3 frilled lizards
  3 kobolds
  9 rats
69 creatures vanquished.

Vanquished Creatures (others)
  4 toadstools (D:1)
4 creatures vanquished.

Grand Total: 73 creatures vanquished

Notes
Turn   | Place    | Note
-------+----------+-------------------------------------------
     0 | D:1      | Mickster the Hill Orc Berserker began the quest for the
                  | Orb.
     0 | D:1      | Reached XP level 1. HP: 19/19 MP: 1/1
    66 | D:1      | Reached XP level 2. HP: 20/27 MP: 2/2
   241 | D:1      | Found a faded altar of an unknown god.
   338 | D:1      | Reached skill level 5 in Axes
   338 | D:1      | Reached XP level 3. HP: 31/33 MP: 3/3
   408 | D:1      | Reached ** piety under Trog
   469 | D:2      | Found a sacrificial altar of Ru.
   591 | D:2      | Reached XP level 4. HP: 5/40 MP: 4/4
  1564 | D:3      | Reached skill level 6 in Axes
  2282 | D:4      | Reached XP level 5. HP: 46/46 MP: 5/5
  2380 | D:4      | Identified the amulet of the King {+Blink Regen+ Str-2
                  | Dex-3 SInv}
  2597 | D:4      | Noticed an ogre
  2614 | D:4      | Mangled by an ogre

Illustrated notes

Levels and vault maps discovered:
D:1:      ldierk_walled_garden_2, layout_loops_ring,
          ebering_ecumenical_altar_webs
D:2:      layout_loops_ring, basic_altar, ebering_dispersal_statue_hall
D:3:      layout_basic, portal_sewer_entry_e
D:4:      layout_rooms, minitemple, minmay_circle_x

Skill      XL: |  1  2  3  4  5 |
---------------+----------------+-----
Axes           | 5 6 |  6.9
Dodging        | 2 |  2.2
Fighting       | 4 |  4.1
Throwing       | |  0.6
Armour         | |  2.5

Action                     |  1- 3 |  4- 6 || total
---------------------------+-------+-------++-------
  Melee: Hand axe          |    95 |   145 ||   240
         Punch             |       |     1 ||     1
  Throw: Javelin           |       |     3 ||     3
 Invoke: Berserk           |       |     4 ||     4
         Trog's Hand       |       |     2 ||     2
    Use: Scroll            |     2 |     5 ||     7
         Potion            |     2 |     3 ||     5
 Armour: Animal skin       |    19 |       ||    19
         Ring mail         |       |    19 ||    19
         Leather armour    |       |     8 ||     8
         Scale mail        |       |     8 ||     8
  Dodge: Dodged            |    80 |    79 ||   159
